 Dungeon Crawl Stone Soup version 0.30.0-29-ga12c61a403 (webtiles) character file.

Game seed: 7621770272348573162

64 monsoonserge the Sneak (level 3, -6/17 HPs)
             Began as a Spriggan Enchanter on June 25, 2023.
             Mangled by Crazy Yiuf
             ... wielding a +3 quarterstaff of chaos
              (14 damage)
             ... on level 2 of the Dungeon.
             The game lasted 00:05:02 (1285 turns).

monsoonserge the Sneak (Spriggan Enchanter)         Turns: 1285, Time: 00:05:03

Health: -6/17      AC:  3    Str:  4    XL:     3   Next: 91%
Magic:  5/8        EV: 17    Int: 18    God:
Gold:   89         SH:  0    Dex: 15    Spells: 0/8 levels left

rFire   . . .        a - +1 dagger
rCold   + . .        (no shield)
rNeg    . . .        i - +0 robe
rPois   .            (helmet restricted)
rElec   .            d - +0 cloak
rCorr   .            (gloves unavailable)
SInv    +            (boots unavailable)
Will    .....        (no amulet)
Stlth   +++          h - ring of protection from cold
HPRegen 0.22/turn    (no ring)
MPRegen 0.11/turn

%: no passive effects
@: very quick
A: very small, no large weapons, unfitting armour, see invisible, speed 3
a: no special abilities


You were on level 2 of the Dungeon.
You visited 1 branch of the dungeon, and saw 2 of its levels.

You collected 89 gold pieces.

Inventory:

Hand Weapons
 a - a +1 dagger (weapon)
 b - a +0 sling
Armour
 d - a +0 cloak (worn)
 i - a +0 robe (worn)
Magical Staves
 f - a staff of cold
Jewellery
 h - a ring of protection from cold (left hand)
Scrolls
 e - a scroll of poison {unknown}
 g - 2 scrolls of teleportation {unknown}
 k - a scroll of fog {unknown}
Potions
 c - 2 potions of invisibility
 j - 2 potions of degeneration {unknown}


   Skills:
 + Level 0.4 Fighting
 + Level 1.5 Short Blades
 + Level 2.9 Dodging
 + Level 5.3 Stealth
 + Level 3.2 Spellcasting
 * Level 0.4 Conjurations
 + Level 4.1 Hexes
 * Level 0.7 Ice Magic


You couldn't memorise any spells.
You knew the following spells:

 Your Spells              Type           Power      Damage    Failure   Level
a - Ensorcelled Hibernat  Hex/Ice        22%        N/A       9%          2
b - Confusing Touch       Hex            17%        N/A       9%          3
c - Dazzling Flash        Conj/Hex       22%        N/A       19%         3

Your spell library contained the following spells:

 Spells                   Type           Power      Damage    Failure   Level
 Tukima's Dance           Hex            17%        N/A       9%          3
 Blink                    Tloc           4%         N/A       24%         2
 Manifold Assault         Tloc           2%         N/A       85%         4
 Storm Form               Tmut/Air       1%         N/A       100%        7


Dungeon Overview and Level Annotations

Branches:
Dungeon (2/15)

Altars:
Wu Jian

Annotations:
D:2 Crazy Yiuf


Innate Abilities, Weirdness & Mutations

You are very small and have problems with some larger weapons.
You are too small for most types of armour.
You have supernaturally acute eyesight. (SInv)
You cover ground extremely quickly. (Speed+++)


Message History

Casting: Ensorcelled Hibernation (safe; 9% risk of failure)
Confirm with . or Enter, or press ? or * to list all spells.
Aiming: Ensorcelled Hibernation (safe; 9% risk of failure)
Press: ? - help, Shift-Dir - straight line, f - goblin
Aim: a goblin, wielding a +0 club (chance to affect: 62%)
The goblin looks drowsy...
The helpless goblin fails to defend itself.
You impale the goblin!!
You kill the goblin!
You see here a +0 club.
k - a scroll labelled YFRUSE ZUPITU
There are no items here.
Magic restored.
Things that are here:
a +0 dagger; 2 stones; a kobold skeleton You now have 89 gold pieces (gained 17).
Crazy Yiuf shouts!
You open the door.
Casting: Ensorcelled Hibernation (safe; 9% risk of failure)
Confirm with . or Enter, or press ? or * to list all spells.
The spell is astonishingly dangerous to miscast (19% risk of failure)!
Continue anyway?
Okay, then.
Casting: Dazzling Flash (astonishingly dangerous; 19% risk of failure)
Confirm with . or Enter, or press ? or * to list all spells.
The spell is astonishingly dangerous to miscast (19% risk of failure)!
Continue anyway?
Casting: Dazzling Flash (astonishingly dangerous; 19% risk of failure)
Press: ? - help, Dir - look around, f - activate Crazy Yiuf is dazzled.
You hit Crazy Yiuf but do no damage.
Crazy Yiuf grits, "Proton mumblescurry light!"
Crazy Yiuf hits you with a +3 quarterstaff of chaos!
Crazy Yiuf burns you.
You hit Crazy Yiuf.
Crazy Yiuf is lightly wounded.
Crazy Yiuf closely misses you.
You closely miss Crazy Yiuf.
Crazy Yiuf is lightly wounded.
Crazy Yiuf hits you with a +3 quarterstaff of chaos!
Ouch! That really hurt!
You die...

###..........
###########.........
#.>.......†.........
############........
#........
♣♣♣♣♣##........ ###
♣♣♣.♣............
#...#♣..♣.............
#...g@♣♣♣♣............
#)..#♣♣ ♣♣...........
### ♣♣##........
#.......( ##......#
###.#... ###.#.#.
#....... #.#..#.#


You could see Crazy Yiuf (blind).

Vanquished Creatures
  An adder (D:2)
  2 worms (D:2)
  A dart slug (D:1)
  4 ball pythons
  5 endoplasms
  4 giant cockroaches
  3 goblins
  5 hobgoblins
  4 jackals (D:2)
  4 kobolds
  4 frilled lizards
  3 rats
40 creatures vanquished.

Notes
Turn   | Place    | Note
-------+----------+-------------------------------------------
     0 | D:1      | monsoonserge the Spriggan Enchanter began the quest for the
                  | Orb.
     0 | D:1      | Reached XP level 1. HP: 9/9 MP: 5/5
    77 | D:1      | Reached XP level 2. HP: 11/13 MP: 7/7
    87 | D:1      | Learned a level 2 spell: Ensorcelled Hibernation
   222 | D:1      | Reached skill level 5 in Stealth
   682 | D:2      | Reached XP level 3. HP: 16/16 MP: 8/8
   710 | D:2      | Learned a level 3 spell: Confusing Touch
   714 | D:2      | Learned a level 3 spell: Dazzling Flash
   795 | D:2      | Found an ornate altar of the Wu Jian Council.
  1042 | D:2      | Found a runed translucent door.
  1043 | D:2      | Noticed Crazy Yiuf
  1285 | D:2      | Mangled by Crazy Yiuf

Illustrated notes

Levels and vault maps discovered:
D:1:      minmay_arrival_stone_box, layout_rooms, kennysheep_pointless_box,
          hangedman_decor_slide_cut
D:2:      layout_rooms, basic_altar, uniq_crazy_yiuf_cottage

Skill      XL: |  1  2 |
---------------+-------+-----
Spellcasting   | 3 |  3.2
Stealth        | 5 |  5.3
Hexes          | 4 |  4.1
Fighting       | |  0.4
Short Blades   | |  1.5
Dodging        | |  2.9
Conjurations   | |  0.4
Ice Magic      | |  0.7

Action                     || total
---------------------------++-------
  Melee: Dagger            ||   114
         Punch             ||     2
   Cast: Ensorcelled Hiber ||    13
         Dazzling Flash    ||     1
   Stab: Sleeping          ||    17
         Distracted        ||     1
 Armour: Robe              ||    15
  Dodge: Dodged            ||    75
